 Dungeon Crawl Stone Soup version 0.28-a0-1520-gc3277d3759 (webtiles) character file.

Game seed: 16530032997429752197

173938 mopl the Cruncher (level 17, -1/146 HPs)
             Began as a Palentonga Gladiator on Jan 17, 2022.
             Was a High Priest of Okawaru.
             Killed from afar by a spriggan air mage (10 damage)
             ... with a bolt of lightning
             ... on level 2 of the Swamp.
             The game lasted 01:10:19 (34354 turns).

mopl the Cruncher (Palentonga Gladiator)           Turns: 34354, Time: 01:10:19

Health: -1/146     AC: 37    Str: 30    XL:     17   Next: 44%
Magic:  26/26      EV: 11    Int: 13    God:    Okawaru [*****.]
Gold:   3736       SH:  0    Dex: 11    Spells: 14/16 levels left

rFire   + . .      SeeInvis +   a - +0 lajatang (speed)
rCold   + . .      Faith    .   (shield currently unavailable)
rNeg    + . .      Spirit   .   I - +3 chain mail {Will+}
rPois   +          Reflect  .   x - +1 helmet {Int+3}
rElec   .          Harm     .   f - +0 cloak
rCorr   .          Rampage  .   Z - +0 pair of gloves of Ebugucua {rC+ Will+}
Will    ++++.                   l - +1 barding {Fly}
Stlth   ..........              q - amulet of regeneration
HPRegen 1.14/turn               U - ring "Muinykeasm" {rF+ rN+ Str+5 SInv}
MPRegen 0.20/turn               C - ring "Cuxkunig" {rPois Will+ Str+3 Dex-3}

@: heroic, flying, studying Staves, curled up
A: large, rugged brown scales 3, see invisible, deformed body, roll 1, armoured
tail, reflexive curl
a: Rolling Charge, Renounce Religion, Heroism, Finesse, Duel


You were on level 2 of the Swamp.
You worshipped Okawaru.
Okawaru was extremely pleased with you.
You visited 5 branches of the dungeon, and saw 28 of its levels.
You also visited: Gauntlet and Ice Cave.

You collected 4734 gold pieces.
You spent 998 gold pieces at shops.

Inventory:

Hand Weapons
 a - a +0 lajatang of speed (weapon)
 b - a +1 glaive of flaming
Missiles
 d - 3 throwing nets
 n - 37 poisoned darts
 s - 3 curare-tipped darts
 D - 20 boomerangs (quivered)
 S - 13 javelins
Armour
 f - a +0 cloak (worn)
 l - a +1 barding of flying (worn)
 r - a scarf of shadows
 x - a +1 helmet of intelligence (worn)
 I - a +3 chain mail of willpower (worn)
 Z - the +0 pair of gloves of Ebugucua (worn) {rC+ Will+}
   (Okawaru gifted it to you on level 6 of the Lair of Beasts)

   rC:        It protects you from cold.
   Will:      It increases your willpower.
Jewellery
 p - a +4 ring of evasion
 q - an amulet of regeneration (around neck)
 C - the ring "Cuxkunig" (right hand) {rPois Will+ Str+3 Dex-3}
   (You found it on level 3 of the Elven Halls)

   [ring of willpower]

   Str:       It affects your strength (+3).
   Dex:       It affects your dexterity (-3).
   rPois:     It protects you from poison.
   Will:      It increases your willpower.
 E - a ring of resist corrosion
 U - the ring "Muinykeasm" (left hand) {rF+ rN+ Str+5 SInv}
   (You found it in a Gauntlet)

   [ring of protection from fire]

   Str:       It affects your strength (+5).
   rF:        It protects you from fire.
   rN:        It protects you from negative energy.
   SInv:      It lets you see invisible.
Wands
 e - a wand of paralysis (19)
 w - a wand of iceblast (27)
 G - a wand of mindburst (39)
 K - a wand of acid (7)
 N - a wand of digging (15)
 Y - a wand of polymorph (19)
Scrolls
 c - 3 scrolls of silence {!r}
 h - a scroll of immolation
 j - 4 scrolls of fear
 m - 9 scrolls of teleportation
 t - 4 scrolls of fog
 v - a scroll of enchant weapon
 A - 3 scrolls of summoning
 B - 2 scrolls of magic mapping
 F - a scroll of amnesia
 H - 2 scrolls of vulnerability
 R - 3 scrolls of blinking
Potions
 i - a potion of resistance
 k - 9 potions of lignification {!q}
 o - 4 potions of curing
 u - 3 potions of ambrosia
 J - a potion of heal wounds
 L - a potion of invisibility
 O - a potion of might
 P - a potion of berserk rage {!q}
 T - 2 potions of cancellation
 V - a potion of haste
Miscellaneous
 g - a condenser vane
 W - a phantom mirror
 X - a phial of floods


   Skills:
 + Level 13.4(18.4) Fighting
 + Level 5.7(15.0) Polearms
 - Level 13.7(19.2) Staves
 + Level 10.4(15.4) Throwing
 + Level 11.2(16.2) Armour
 + Level 12.5(17.5) Dodging
 - Level 12.0 Invocations
 + Level 9.0 Evocations


You had 14 spell levels left.
You knew the following spells:

 Your Spells              Type           Power      Damage    Failure   Level
w - Wereblood             Tmut           0%         N/A       82%         2

Your spell library contained the following spells:

 Spells                   Type           Power      Damage    Failure   Level
 Beastly Appendage        Tmut           0%         N/A       67%         1
 Pain                     Necr           0%         1d4       67%         1
 Scorch                   Fire           0%         2d5       82%         2
 Dazzling Flash           Conj/Hex       0%         N/A       96%         3
 Gell's Gravitas          Tloc           0%         N/A       96%         3
 Ignite Poison            Fire/Tmut/Pois 0%         N/A       96%         3
 Lesser Beckoning         Tloc           0%         N/A       96%         3
 Ozocubu's Armour         Ice            0%         N/A       96%         3
 Portal Projectile        Hex/Tloc       0%         N/A       96%         3
 Spider Form              Tmut/Pois      0%         N/A       96%         3
 Stone Arrow              Conj/Erth      0%         3d7       96%         3
 Teleport Other           Tloc           0%         N/A       96%         3
 Airstrike                Air            0%         N/A       100%        4
 Anguish                  Hex/Necr       0%         N/A       100%        4
 Flame Wave               Conj/Fire      0%         2d4       100%        4
 Iskenderun's Mystic Bla  Conj/Tloc      0%         2d3       100%        4
 Agony                    Necr           0%         N/A       100%        5
 Blade Hands              Tmut           0%         N/A       100%        5
 Borgnjor's Vile Clutch   Necr/Erth      0%         N/A       100%        5
 Excruciating Wounds      Necr           0%         N/A       100%        5
 Fireball                 Conj/Fire      0%         3d3       100%        5
 Freezing Cloud           Conj/Ice/Air   0%         6-21      100%        5
 Lightning Bolt           Conj/Air       0%         1d11      100%        5
 Metabolic Englaciation   Hex/Ice        0%         N/A       100%        5
 Iron Shot                Conj/Erth      0%         9d1       100%        6
 Starburst                Conj/Fire      0%         6d3       100%        6
 Enfeeble                 Hex            0%         N/A       100%        7
 Ozocubu's Refrigeration  Ice            0%         4d5       100%        7
 Lehudib's Crystal Spear  Conj/Erth      0%         10d2      100%        8
 Polar Vortex             Ice            0%         N/A       100%        9
 Call Canine Familiar     Summ           Unusable   N/A       N/A         3
 Tukima's Dance           Hex            Unusable   N/A       N/A         3
 Animate Armour           Summ/Erth      Unusable   N/A       N/A         4
 Animate Dead             Necr           Unusable   N/A       N/A         4
 Summon Lightning Spire   Summ/Air       Unusable   N/A       N/A         4
 Death Channel            Necr           Unusable   N/A       N/A         6
 Simulacrum               Ice/Necr       Unusable   N/A       N/A         6
 Summon Cactus Giant      Summ           Unusable   N/A       N/A         6

Dungeon Overview and Level Annotations

Branches:
Dungeon (15/15)            Temple (0/1) D:5            Lair (6/6) D:11
  Swamp (2/4) Lair:3       Spider (0/4) Lair:3        Slime (0/5) Lair:6
    Orc (2/2) D:12            Elf (3/3) Orc:2        Vaults (0/5) D:14
 Depths (0/4) D:15          IceCv (visited)         Gauntlet (visited)

Altars:
Dithmenos
Fedhas
Makhleb
Okawaru
Ru
Uskayaw
Xom
Yredelemnul

Shops:
D:4 !   Orc:1 :   Orc:2 :*??:   Elf:1 ==:=

Annotations:
D:6 1 transporter, Yorgos's ghost, novice DsBe
Elf:2 3 runed translucent doors


Innate Abilities, Weirdness & Mutations

You are completely covered in rugged brown scales. (AC +3, +7% HP)
You have supernaturally acute eyesight. (SInv)
Armour fits poorly on your strangely shaped body.
You can roll at nearby foes to attack.
You have a long armoured tail.
You curl defensively after being hit. (AC +7*)


Message History

The spriggan air mage waves its arms in wide circles.
The air twists around and strikes you!!
* * * LOW HITPOINT WARNING * * *
Unknown command.
You barely miss the spriggan rider.
The spriggan rider is moderately wounded.
The spriggan rider hits you but does no damage.
You slash the spriggan rider!
The spriggan rider is heavily wounded.
You slash the spriggan rider!
Your tail-slap misses the spriggan rider.
The spriggan rider is severely wounded.
The spriggan rider hits you but does no damage.
The spriggan air mage hits you but does no damage.
You miss the spriggan air mage. You closely miss the spriggan air mage.
The spriggan rider hits you with a +0 spear!
* * * LOW HITPOINT WARNING * * *
Unknown command.
You closely miss the spriggan air mage.
The spriggan air mage hits you but does no damage.
Unknown command.
Unknown command.
You closely miss the spriggan air mage.
The spriggan rider completely misses you.
Unknown command.
You miss the spriggan air mage.
The spriggan air mage waves its arms in wide circles.
The air twists around and strikes you!
* * * LOW HITPOINT WARNING * * *
Unknown command.
Okay, then.
Blink to where?
Press: ? - help, Dir - move target
As you read the scroll of blinking, it crumbles to dust.
Unknown command.
Magic restored.
The spriggan air mage points at you and mumbles some strange words.
The bolt of lightning hits you!
You die...

♣.≈♣♣.≈.≈..≈♣ ♣♣.♣ ....♣♣
♣≈....≈≈≈.≈.♣ ♣§.♣♣♣.§≈≈.≈
♣≈.≈≈≈≈≈♣≈≈♣♣ ♣..$♣§≈≈≈≈.♣
♣♣...≈≈≈≈♣♣♣♣♣♣♣♣.....≈§≈≈≈≈
..≈≈≈≈≈..≈≈≈.♣≈≈^≈≈.♣..≈≈≈≈≈
.≈≈≈.≈≈....≈≈..≈..≈≈i..≈≈≈≈.
.≈≈≈......≈≈≈≈♣≈≈....≈≈≈≈≈≈.
♣.≈≈≈.♣§..≈≈†≈♣♣♣≈..i.≈?...≈
♣.≈≈≈.≈♣≈.≈≈≈...@...≈...≈...
♣♣.≈....≈....≈≈§≈≈.≈♣♣...≈≈≈
♣♣≈≈.........≈≈≈≈...♣>≈≈≈≈≈
♣♣≈♣...≈...♣♣...≈..≈≈≈≈≈≈≈
♣.........≈♣≈≈♣♣≈.♣.≈§≈≈§≈
♣...≈≈...♣♣♣.≈. ♣♣♣ §≈
♣♣.≈≈≈.§≈≈♣≈.≈.♣ ≈
♣..≈.♣♣≈♣♣.≈≈ ♣♣♣♣♣♣♣♣♣


You could see a spriggan rider and a spriggan air mage (repels missiles).

Vanquished Creatures
  Mara (Elf:3)
  2 deep elf blademasters (Elf:3)
  2 deep elf master archers (Elf:3)
  Gastronok (Lair:1)
  The ghost of Noname the Brawler, an adept TrFi of Ru (Swamp:1)
  5 deep elf sorcerers (Elf:3)
  Aizul (Elf:1)
  3 deep elf elementalists (Elf:3)
  An eleionoma (Swamp:1)
  6 deep elf demonologists (Elf:3)
  A minotaur (Gauntlet)
  Azrael (Elf:1)
  2 bunyips
  5 deep elf annihilators (Elf:3)
  6 deep elf death magi
  4 vault guards (D:14)
  2 deep elf high priests (Elf:3)
  Fannar (Lair:2)
  A ghost crab (Swamp:1)
  A rakshasa (D:15)
  12 hydras
  A catoblepas (Lair:6)
  2 ironbound frosthearts (IceCv)
  2 centaur warriors (D:13)
  3 two-headed ogres
  4 alligators
  A hell hog (Gauntlet)
  5 death yaks (IceCv)
  5 orc high priests (Orc:2)
  13 dancing weapons
  Urug (Orc:1)
  2 spriggans (Swamp:1)
  4 deep elf knights
  A wretched star (Gauntlet)
  The ghost of Pukeh the Thaumaturge, a novice DECj of Vehumet (Orc:1)
  9 skeletal warriors
  A swamp dragon (Swamp:1)
  2 goliath frogs (Swamp:1)
  A spriggan druid (Swamp:1)
  2 wizards
  A necromancer (D:15)
  A lindwurm (Lair:6)
  10 deep elf archers
  4 bog bodies (Swamp:1)
  17 deep elf zephyrmancers
  A wolf spider zombie (D:15)
  12 orc knights
  8 ugly things
  25 deep elf pyromancers
  2 orc sorcerers
  8 cyclopes
  A will-o-the-wisp (Swamp:1)
  A wolf spider (shapeshifter) (Elf:3)
  4 manticores
  3 black mambas (Lair:6)
  An ice statue (IceCv)
  Maurice (D:8)
  3 elephants (Lair:3)
  5 centaur zombies
  3 gargoyles
  5 cane toads
  2 torpor snails (Lair:6)
  An unseen horror (D:12)
  A kobold demonologist (D:13)
  6 komodo dragons
  2 rime drakes (Lair:6)
  8 trolls
  22 polar bears
  3 tyrant leeches
  A blink frog (Lair:6)
  A polar bear (shapeshifter) (D:15)
  2 hornets (Swamp:1)
  A dream sheep (Lair:6)
  A raiju (Lair:6)
  19 slime creatures
  2 centaur simulacra (D:15)
  An air elemental (Elf:1)
  A spriggan (shapeshifter) (Elf:3)
  A shadow (D:11)
  3 wyverns
  A water elemental (Elf:1)
  4 fire elementals
  80 yaks
  3 wraiths (D:14)
  2 fire bats (Gauntlet)
  4 basilisks
  A neqoxec (Gauntlet)
  2 steam dragons (D:8)
  4 vampire mosquitoes
  11 wargs
  8 swamp worms
  13 water moccasins
  22 hell hounds
  14 black bears
  38 orc warriors
  A necrophage (D:6)
  An ice beast (D:8)
  21 wolves
  11 centaurs
  5 ogres
  A phantom (D:5)
  A kobold brigand (D:11)
  13 bullfrogs
  4 scorpions
  A gnoll sergeant (D:12)
  5 earth elementals
  A wyvern skeleton (D:4)
  A water moccasin skeleton (D:7)
  A water moccasin zombie (D:5)
  11 killer bees
  4 wights (D:10)
  5 electric eels (D:11)
  A howler monkey (D:6)
  7 hounds
  A bullfrog skeleton (D:5)
  33 orc priests
  4 centaur skeletons
  A gnoll shaman (D:7)
  2 jellies (D:6)
  An iguana (D:4)
  13 orc wizards
  A killer bee zombie (D:7)
  2 hound skeletons (D:5)
  3 howler monkey zombies
  22 gnolls
  8 adders
  12 white imps (Lair:2)
  An ufetubus (D:7)
  An adder skeleton (D:4)
  3 worms (Lair:3)
  3 dart slugs
  81 orcs
  6 ball pythons
  12 bats
  8 endoplasms
  6 giant cockroaches
  8 goblins
  7 hobgoblins
  5 kobolds
  2 quokkas
  A frilled lizard (D:1)
  7 rats
869 creatures vanquished.

Vanquished Creatures (others)
  A dancing weapon (Elf:2)
  A bloated husk (Swamp:1)
  3 orcs (D:8)
  6 demonic plants (Gauntlet)
  6 foxfires (Swamp:1)
  16 fungi
  19 plants
  A withered plant (Gauntlet)
53 creatures vanquished.

Grand Total: 922 creatures vanquished

Notes
Turn   | Place    | Note
-------+----------+-------------------------------------------
     0 | D:1      | mopl the Palentonga Gladiator began the quest for the Orb.
     0 | D:1      | Reached XP level 1. HP: 17/17 MP: 1/1
    19 | D:1      | Found a faded altar of an unknown god.
    34 | D:1      | Prayed at the altar of an unknown god.
    34 | D:1      | Became a worshipper of Warmaster Okawaru
    34 | D:1      | Reached * piety under Okawaru
   370 | D:1      | Reached skill level 3 in Polearms
   637 | D:1      | Reached XP level 2. HP: 1/16 MP: 2/2
   969 | D:1      | Reached skill level 1 in Invocations
  1611 | D:2      | Reached XP level 3. HP: 25/25 MP: 4/4
  2456 | D:3      | Found an iron altar of Okawaru.
  2456 | D:3      | Found a shadowy altar of Dithmenos.
  2457 | D:3      | Found a burning altar of Makhleb.
  2475 | D:3      | Reached skill level 1 in Staves
  2475 | D:3      | Reached skill level 2 in Invocations
  2475 | D:3      | Reached XP level 4. HP: 32/35 MP: 5/5
  2676 | D:3      | Reached skill level 2 in Staves
  3134 | D:4      | Reached XP level 5. HP: 36/40 MP: 5/7
  3150 | D:4      | Reached skill level 3 in Staves
  3169 | D:4      | Reached skill level 3 in Invocations
  3365 | D:4      | Reached ** piety under Okawaru
  3536 | D:4      | Reached XP level 6. HP: 47/47 MP: 8/8
  3601 | D:4      | Found Asugh's Distillery.
  3612 | D:4      | Reached skill level 4 in Staves
  3762 | D:4      | Bought a potion of curing for 30 gold pieces
  3762 | D:4      | Bought a potion of degeneration for 10 gold pieces
  3762 | D:4      | Bought a potion of heal wounds for 50 gold pieces
  3762 | D:4      | Bought a potion of lignification for 30 gold pieces
  3803 | D:4      | Bought a potion of ambrosia for 80 gold pieces
  4024 | D:4      | Found a sacrificial altar of Ru.
  4024 | D:4      | Found a basalt altar of Yredelemnul.
  4114 | D:5      | Entered Level 5 of the Dungeon
  4132 | D:5      | Reached skill level 5 in Staves
  4132 | D:5      | Reached skill level 4 in Invocations
  4153 | D:5      | Gained mutation: You curl defensively after being hit. (AC
                  | +7*) [Palentonga growth]
  4153 | D:5      | Reached XP level 7. HP: 39/53 MP: 8/10
  4694 | D:5      | Found a staircase to the Ecumenical Temple.
  4698 | D:5      | Reached skill level 6 in Staves
  4698 | D:5      | Reached skill level 5 in Invocations
  5398 | D:6      | Reached XP level 8. HP: 59/59 MP: 12/12
  5623 | D:6      | Found a transporter.
  5624 | D:6      | Noticed Yorgos's ghost (novice DsBe)
  5624 | D:6      | Identified the +10 giant club of Voren {vamp, Fly rPois
                  | rCorr Str-4}
  5624 | D:6      | Identified the +8 giant club "Orb Guardian's Bane" {flame,
                  | rF+ Str-2 Stlth+}
  5624 | D:6      | Noticed a two-headed ogre
  5659 | D:6      | Reached skill level 7 in Staves
  5824 | D:6      | Reached *** piety under Okawaru
  5855 | D:6      | Reached skill level 8 in Staves
  5855 | D:6      | Reached skill level 6 in Invocations
  6254 | D:6      | Reached skill level 7 in Invocations
  6618 | D:7      | Reached skill level 9 in Staves
  6743 | D:7      | Reached XP level 9. HP: 47/65 MP: 12/14
  6925 | D:7      | Found a blossoming altar of Fedhas.
  6951 | D:7      | Noticed a two-headed ogre
  6960 | D:7      | Killed a two-headed ogre
  6960 | D:7      | Reached **** piety under Okawaru
  6961 | D:7      | Reached skill level 10 in Staves
  7088 | D:7      | Reached skill level 8 in Invocations
  7675 | D:8      | Reached skill level 11 in Staves
  7710 | D:8      | Reached ***** piety under Okawaru
  7711 | D:8      | Reached XP level 10. HP: 47/71 MP: 16/16
  7719 | D:8      | Noticed Maurice
  7739 | D:8      | Killed Maurice
  7739 | D:8      | Received a gift from Okawaru
  7740 | D:8      | Reached skill level 12 in Staves
  8176 | D:8      | You fall into a shaft and drop 3 floors!
  8280 | D:11     | Reached skill level 1 in Armour
  8550 | D:11     | Reached skill level 2 in Throwing
  8556 | D:11     | Reached skill level 3 in Fighting
  8569 | D:11     | Noticed an orc knight
  8606 | D:11     | Killed an orc knight
  8606 | D:11     | Received a gift from Okawaru
  8607 | D:11     | Reached skill level 2 in Armour
  8623 | D:11     | Reached skill level 13 in Staves
  8859 | D:10     | Entered Level 10 of the Dungeon
  8861 | D:10     | Noticed a two-headed ogre
  8870 | D:10     | Killed a two-headed ogre
  8870 | D:10     | Received a gift from Okawaru
  8871 | D:10     | Reached skill level 4 in Fighting
  8871 | D:10     | Reached skill level 3 in Throwing
  9218 | D:10     | Reached XP level 11. HP: 62/82 MP: 17/17
  9350 | D:9      | Reached skill level 3 in Armour
  9622 | D:9      | Identified the -1 pair of gloves of Hietuqee {Contam rElec
                  | rF- Int+5}
 10264 | D:9      | Found a hide-covered altar of Uskayaw.
 10853 | D:11     | Identified the +1 barding "Ykakk" {Contam rCorr Int+5}
                  | (Okawaru gifted it to you on level 11 of the Dungeon)
 10853 | D:11     | Received a gift from Okawaru
 11007 | D:11     | Noticed an eight-headed hydra
 11025 | D:11     | Killed a one-headed hydra
 11026 | D:11     | Reached skill level 5 in Fighting
 11034 | D:11     | Reached skill level 4 in Throwing
 11042 | D:11     | Reached skill level 4 in Armour
 11573 | D:11     | Found a staircase to the Lair.
 12502 | Lair:1   | Entered Level 1 of the Lair of Beasts
 12647 | Lair:1   | Reached skill level 6 in Fighting
 12863 | Lair:1   | Noticed Gastronok
 12893 | Lair:1   | Killed Gastronok
 12894 | Lair:1   | Reached skill level 5 in Armour
 12945 | Lair:1   | Reached skill level 5 in Throwing
 13406 | Lair:1   | Reached skill level 7 in Fighting
 13406 | Lair:1   | Reached XP level 12. HP: 67/97 MP: 18/18
 13648 | Lair:2   | Found a gate leading to a gauntlet.
 13648 | Lair:2   | Noticed Fannar
 13688 | Lair:2   | Killed Fannar
 13688 | Lair:2   | Received a gift from Okawaru
 13693 | Gauntlet | Entered a Gauntlet
 13693 | Gauntlet | Found a transporter.
 13697 | Gauntlet | Noticed a hell hog
 13698 | Gauntlet | Found a transporter.
 13699 | Gauntlet | Found a transporter.
 13700 | Gauntlet | Found a transporter.
 13715 | Gauntlet | Found a transporter.
 13727 | Gauntlet | Killed a hell hog
 13728 | Gauntlet | Reached skill level 3 in Dodging
 13742 | Gauntlet | Identified the ring "Muinykeasm" {rF+ rN+ Str+5 SInv}
 13752 | Gauntlet | Found a transporter.
 13780 | Gauntlet | Reached skill level 6 in Armour
 14127 | Gauntlet | Identified the +6 spear "Doegyst" {freeze, Dex+4}
 14127 | Gauntlet | Noticed a minotaur
 14138 | Gauntlet | Killed a minotaur
 14145 | Gauntlet | Identified the +0 scale mail "Qigiff" {Harm Drain Str+4
                  | Dex+5}
 14282 | Lair:2   | Found a frozen archway.
 14295 | IceCv    | Entered an ice cave
 14644 | IceCv    | Reached skill level 6 in Throwing
 14644 | IceCv    | Reached skill level 4 in Dodging
 14661 | IceCv    | Noticed a death yak
 14666 | IceCv    | Reached skill level 8 in Fighting
 14666 | IceCv    | Noticed a death yak
 14666 | IceCv    | Noticed a death yak
 14677 | IceCv    | Killed a death yak
 14683 | IceCv    | Killed a death yak
 14688 | IceCv    | Killed a death yak
 14739 | IceCv    | Reached skill level 5 in Dodging
 14912 | IceCv    | Noticed an ironbound frostheart
 14944 | IceCv    | Killed an ironbound frostheart
 14944 | IceCv    | Received a gift from Okawaru
 14945 | IceCv    | Reached skill level 7 in Armour
 14945 | IceCv    | Reached skill level 6 in Dodging
 14955 | IceCv    | Noticed an ironbound frostheart
 14968 | IceCv    | Killed an ironbound frostheart
 14969 | IceCv    | Reached XP level 13. HP: 59/107 MP: 13/19
 15264 | IceCv    | Reached skill level 9 in Fighting
 15491 | IceCv    | Reached skill level 7 in Throwing
 15497 | IceCv    | Received a gift from Okawaru
 15642 | Lair:2   | Reached skill level 7 in Dodging
 16316 | Lair:3   | Reached skill level 1 in Evocations
 16916 | Lair:3   | Reached skill level 2 in Evocations
 17234 | Lair:3   | Identified the +1 leather armour of the Ladybird {Contam
                  | rElec rN+ MP+9}
 17425 | Lair:3   | Found a staircase to the Swamp.
 17495 | Lair:3   | Received a gift from Okawaru
 17579 | Lair:3   | Found a hole to the Spider Nest.
 17879 | Lair:4   | Reached skill level 8 in Dodging
 18134 | Lair:4   | Reached skill level 8 in Armour
 18166 | Lair:4   | Identified the +4 mace "Itsis" {vamp, rC++ Str+2 Int-2}
 19077 | Lair:5   | Received a gift from Okawaru
 19078 | Lair:5   | Reached skill level 10 in Fighting
 19335 | Lair:6   | Entered Level 6 of the Lair of Beasts
 19358 | Lair:6   | Reached skill level 3 in Evocations
 19880 | Lair:6   | Identified the +0 pair of gloves of Ebugucua {rC+ Will+}
                  | (Okawaru gifted it to you on level 6 of the Lair of Beasts)
 19880 | Lair:6   | Received a gift from Okawaru
 20071 | Lair:6   | Reached XP level 14. HP: 115/117 MP: 18/20
 20457 | Lair:6   | Found a staircase to the Slime Pits.
 20795 | Lair:6   | Reached skill level 9 in Dodging
 20805 | Lair:6   | Reached skill level 4 in Evocations
 20817 | Lair:6   | Reached skill level 8 in Throwing
 20850 | Lair:6   | Reached skill level 9 in Invocations
 21898 | D:12     | Found a staircase to the Orcish Mines.
 21966 | D:12     | Received a gift from Okawaru
 22409 | Orc:1    | Entered Level 1 of the Orcish Mines
 22577 | Orc:1    | Noticed Urug
 22601 | Orc:1    | Killed Urug
 22633 | Orc:1    | Found Baeged's Book Emporium.
 22646 | Orc:1    | Reached skill level 5 in Evocations
 22685 | Orc:1    | You fall into a shaft and drop 1 floor!
 22685 | Orc:2    | Entered Level 2 of the Orcish Mines
 22739 | Orc:2    | Reached skill level 11 in Fighting
 22751 | Orc:2    | Reached skill level 9 in Armour
 23068 | Orc:1    | Found a runed translucent door.
 23071 | Orc:1    | Noticed Pukeh's ghost (novice DECj)
 23086 | Orc:1    | Reached skill level 10 in Dodging
 23249 | Orc:1    | Killed Pukeh's ghost
 23312 | Orc:2    | Received a gift from Okawaru
 23526 | Orc:2    | Found Kadihaext's Book Shop.
 23591 | Orc:2    | Found a staircase to the Elven Halls.
 24978 | Orc:2    | HP: 6/120 [orc warrior (20)]
 25376 | Orc:2    | Reached skill level 10 in Invocations
 25429 | Orc:2    | Reached XP level 15. HP: 69/127 MP: 20/22
 25734 | Orc:2    | Found Fios Qob's Assorted Antiques.
 25737 | Orc:2    | Found Jesuopsu's Magic Scroll Shoppe.
 25738 | Orc:2    | Found Hoinlir's Book Shoppe.
 25739 | Orc:2    | Found Zuaneenwu's Magic Scroll Emporium.
 25743 | Orc:2    | Bought a scroll of identify for 32 gold pieces
 25743 | Orc:2    | Bought a scroll of identify for 32 gold pieces
 25743 | Orc:2    | Bought a scroll of identify for 32 gold pieces
 25743 | Orc:2    | Bought 3 scrolls of identify for 96 gold pieces
 25743 | Orc:2    | Bought a scroll of teleportation for 48 gold pieces
 25753 | Orc:2    | Bought a scroll of fog for 28 gold pieces
 25753 | Orc:2    | Bought a scroll of amnesia for 49 gold pieces
 25753 | Orc:2    | Bought a scroll of teleportation for 42 gold pieces
 25753 | Orc:2    | Bought a scroll of identify for 28 gold pieces
 25753 | Orc:2    | Bought a scroll of summoning for 133 gold pieces
 25753 | Orc:2    | Bought a scroll of summoning for 133 gold pieces
 25755 | Orc:2    | Bought a blackened coral ring for 145 gold pieces
 27134 | D:14     | Found a gate to the Vaults.
 27145 | D:14     | Reached skill level 6 in Evocations
 27209 | D:14     | Reached skill level 11 in Dodging
 27575 | D:15     | Entered Level 15 of the Dungeon
 27585 | D:15     | Reached skill level 9 in Throwing
 27592 | D:15     | Reached ****** piety under Okawaru
 28005 | D:15     | Received a gift from Okawaru
 28433 | D:15     | Identified a scroll of acquirement
 28434 | D:15     | Acquired 1149 gold pieces
 28769 | D:15     | Received a gift from Okawaru
 28804 | D:15     | Found a staircase to the Depths.
 28854 | D:15     | Reached skill level 12 in Fighting
 28860 | D:15     | Reached skill level 11 in Invocations
 29149 | Elf:1    | Entered Level 1 of the Elven Halls
 29253 | Elf:1    | Received a gift from Okawaru
 29481 | Elf:1    | Noticed Azrael
 29490 | Elf:1    | Killed Azrael
 29491 | Elf:1    | Reached skill level 10 in Armour
 29519 | Elf:1    | Reached skill level 7 in Evocations
 29531 | Elf:1    | Noticed Aizul
 29561 | Elf:1    | Killed Aizul
 29562 | Elf:1    | Reached XP level 16. HP: 35/135 MP: 16/24
 29763 | Elf:1    | Found Afiul's Jewellery Shoppe.
 29765 | Elf:1    | Found Anazyromm's Book Boutique.
 29766 | Elf:1    | Found Xewiluam's Jewellery Shoppe.
 29909 | Elf:1    | Found Irphu's Jewellery Emporium.
 29910 | Elf:1    | Paralysed by an air elemental for 1 turns
 30402 | Elf:2    | Received a gift from Okawaru
 31105 | Elf:2    | Found a runed translucent gate.
 31105 | Elf:2    | Found a runed translucent gate.
 31105 | Elf:2    | Found a runed translucent gate.
 31254 | Elf:2    | Noticed a deep elf blademaster
 31282 | Elf:3    | Entered Level 3 of the Elven Halls
 31344 | Elf:3    | Noticed Mara
 31746 | Elf:3    | Killed Mara
 31894 | Elf:3    | Reached skill level 12 in Invocations
 31946 | Elf:3    | Noticed a deep elf blademaster
 31972 | Elf:3    | Received a gift from Okawaru
 31973 | Elf:3    | Reached skill level 4 in Polearms
 31973 | Elf:3    | Reached skill level 8 in Evocations
 31993 | Elf:3    | Reached skill level 12 in Dodging
 32008 | Elf:3    | Identified the +0 chain mail of Lucidity {rPois rCorr Int+5
                  | Slay-3} (Okawaru gifted it to you on level 3 of the Elven
                  | Halls)
 32008 | Elf:3    | Received a gift from Okawaru
 32042 | Elf:3    | Noticed a deep elf master archer
 32058 | Elf:3    | Reached skill level 10 in Throwing
 32067 | Elf:3    | Identified the +10 rapier of the Vine {vorpal, Str+2}
 32092 | Elf:3    | Killed a deep elf master archer
 32117 | Elf:3    | Killed a deep elf blademaster
 32137 | Elf:3    | Reached skill level 13 in Fighting
 32235 | Elf:3    | Noticed a deep elf blademaster
 32249 | Elf:3    | Killed a deep elf blademaster
 32250 | Elf:3    | Reached XP level 17. HP: 88/145 MP: 20/26
 32429 | Elf:3    | Identified the ring of Zoydae {Fire rN+ Int+3}
 32439 | Elf:3    | Noticed a deep elf master archer
 32446 | Elf:3    | Killed a deep elf master archer
 32482 | Elf:3    | Reached skill level 5 in Polearms
 32546 | Elf:3    | Identified the +0 pair of gloves "Paaneuz" {rElec rF-
                  | Dex+3}
 32630 | Elf:3    | Identified the +5 trident "Nidwiqos" {vorpal, Dex+4}
 32680 | Elf:3    | Identified the +2 great sword of Deflation {venom, rN++
                  | Str-3 Stlth+}
 32688 | Elf:3    | Reached skill level 11 in Armour
 32761 | Elf:3    | Got the Almanac of the Burning Escort
 32768 | Elf:3    | Identified the ring "Cuxkunig" {rPois Will+ Str+3 Dex-3}
 33002 | Elf:3    | Noticed an Ice Fiend
 33586 | Swamp:1  | Entered Level 1 of the Swamp
 33629 | Swamp:1  | Received a gift from Okawaru
 33857 | Swamp:1  | Found a runed translucent door.
 33862 | Swamp:1  | Found a shimmering altar of Xom.
 33862 | Swamp:1  | Noticed Noname's ghost (adept TrFi)
 33881 | Swamp:1  | Identified the +1 plate armour of Entitlement {Will++}
                  | (Okawaru gifted it to you on level 1 of the Swamp)
 33881 | Swamp:1  | Received a gift from Okawaru
 34252 | Swamp:1  | Killed Noname's ghost
 34261 | Swamp:1  | Learned a level 2 spell: Wereblood
 34314 | Swamp:2  | Reached skill level 9 in Evocations
 34352 | Swamp:2  | HP: 6/146 [spriggan air mage/the air (13)]
 34354 | Swamp:2  | Killed from afar by a spriggan air mage

Illustrated notes

Levels and vault maps discovered:
D:1:      scummos_arrival_star, layout_loops_ring, basic_ecumenical_altar,
          amcnicky_mini_rare_corridor_liquid, minmay_distorted
D:2:      layout_loops_corners
D:3:      layout_rooms, chequers_temple_overflow_statue_of_worship
D:4:      layout_gridville, nicolae_overflow_hidden_temple, minitemple,
          serial_shops, nicolae_shop_advertising_works
          [nicolae_subvault_shop_adworks], minivault_1, roderic_batcave,
          serial_park_tiny_2
D:5:      layout_gridville, minmay_temple_entry_sparse_star,
          hangedman_abyss_or_decor_stabs
D:6:      minmay_general_purpose_star, layout_layer_cave, gammafunk_ghost_smash
D:7:      layout_basic, mainiacjoe_overflow_paths, lightli_orcish_oven
D:8:      layout_gridville, corexii_leaking_fountain,
          nicolae_concentric_dashed_squares_wild, uniq_maurice
D:9:      layout_cave_pools, nicolae_uskayaw_murder_on_the_dancefloor,
          minmay_door_square
D:10:     layout_rooms
D:11:     layout_roguey, erik_lair_island
D:12:     layout_irregular_city, david_orc_3
D:13:     layout_basic
D:14:     layout_loops_ring, lightli_vaults_fourway_checkpoint,
          minmay_misc_feat_tower
D:15:     grunt_enter_depths_magical_seal, layout_cave_pods,
          roderic_nine_men_s_morris
Lair:1:   layout_regular_city, hangedman_lair_unloving_vines, uniq_gastronok
Lair:2:   layout_chaotic_city, gauntlet_entry_generic,
          portal_ice_cave_entry_imps, serial_bayou_pond_d, uniq_fannar
Lair:3:   layout_roguey, palyth_hydra_swamp_entry,
          nicolae_spider_entry_non_spiders, patterned_corridor
Lair:4:   layout_cave_pods
Lair:5:   layout_gridlike
Lair:6:   hangedman_lair_in_review, layout_regular_city,
          hangedman_lair_caniforms_friends, slime_dummy
Swamp:1:  layout_basic_swamp, ebering_ghost_xom, evilmike_swamp_ruin_house_3
Swamp:2:  layout_basic_swamp, gammafunk_ghost_grave, nicolae_swamp_bean_lake,
          uniq_mlioglotl
Orc:1:    layout_caves, hellmonk_ghost_happy_afterlife, serial_shops, shop,
          uniq_urug
Orc:2:    st_orc_pillars, layout_diamond_mine, serial_shops,
          nicolae_shop_hallway_plus
Elf:1:    elf_arrival_002, layout_geoelf_grid, serial_shops, shop,
          hangedman_corner_corridor, dk_noncrumbling_2, minmay_shop_grove,
          uniq_azrael, uniq_aizul
Elf:2:    nicolae_elf_blades_splatter_lattice [nicolae_blade_tridents],
          layout_loops_cross
Elf:3:    grunt_elf_hall_branching, layout_loops_cross, uniq_mara

Skill      XL: |  1  2  3  4  5  6  7  8  9 10 11 12 13 14 15 16 17 |
---------------+----------------------------------------------------+-----
Polearms       | 3 4 5 |  5.7
Invocations    | 1 2 3 4 5 7 8 10 11 12 | 12.0
Staves         | 1 2 3 5 6 9 11 13 | 13.7
Armour         | 2 5 7 8 9 10 11 | 11.2
Throwing       | 3 5 6 7 8 9 10 | 10.4
Fighting       | 4 7 8 10 11 12 13 | 13.4
Dodging        | 6 8 10 11 12 | 12.5
Evocations     | 3 5 7 8 9 |  9.0

Action                   |  1- 3 |  4- 6 |  7- 9 | 10-12 | 13-15 | 16-18 || total
-------------------------+-------+-------+-------+-------+-------+-------++-------
Melee: Trident           |    42 |       |       |       |       |       ||    42
       Tailslap          |    10 |    14 |    42 |   121 |   273 |   126 ||   586
       Lajatang          |   107 |   138 |   253 |   657 |  1543 |   730 ||  3428
       Hand axe          |       |       |       |    11 |   123 |       ||   134
       Punch             |       |       |       |       |     3 |       ||     3
       Glaive            |       |       |       |       |       |    12 ||    12
Throw: Dart              |       |       |     5 |    20 |       |       ||    25
       Boomerang         |       |       |       |    57 |   123 |    74 ||   254
Invok: Heroism           |       |     4 |     7 |    31 |    64 |    29 ||   135
       Finesse           |       |       |       |     9 |     6 |     3 ||    18
 Abil: Rolling Charge    |       |       |       |     1 |       |     1 ||     2
Evoke: Wand              |       |       |     1 |     2 |       |     3 ||     6
  Use: Potion            |       |       |       |     4 |     5 |     1 ||    10
       Scroll            |       |       |       |    11 |    14 |     4 ||    29
 Stab: Petrifying        |       |       |       |       |     1 |       ||     1
       Petrified         |       |       |       |       |     1 |       ||     1
       Distracted        |       |       |       |       |       |     1 ||     1
Armor: Leather armour    |    41 |       |       |       |       |       ||    41
       Ring mail         |    13 |     9 |       |       |       |       ||    22
       Plate armour      |       |    71 |   150 |   271 |   511 |       ||  1003
       Chain mail        |       |       |       |       |   294 |   360 ||   654
Dodge: Dodged            |    66 |    24 |    45 |    95 |   529 |   193 ||   952
Block: Other             |       |       |       |       |   237 |       ||   237
       Reflection        |       |       |       |       |     3 |       ||     3

Table legend: (Time is in decaauts)
 A = Elapsed time spent in this place.
 B = Non-inter-level travel time spent in this place.
 C = Inter-level travel time spent in this place.
 D = Time resting spent in this place.
 E = Time spent auto-exploring this place.
 F = Levels seen in this place.
 G = Mean time per level.
                   A        B        C        D        E       F      G
               +--------+--------+--------+--------+--------+-----+--------+
         Total |  32505 |  31044 |   1461 |  10368 |  14723 |  30 | 1083.5 |
       Dungeon |  15970 |  15281 |    689 |   4837 |   8049 |  15 | 1064.7 |
          Lair |   7124 |   6725 |    399 |   1947 |   3659 |   6 | 1187.3 |
         Swamp |    637 |    620 |     17 |     50 |    334 |   2 |  318.5 |
  Orcish Mines |   3360 |   3141 |    219 |   1576 |    813 |   2 | 1680.0 |
   Elven Halls |   3794 |   3659 |    135 |    985 |   1702 |   3 | 1264.7 |
      Ice Cave |   1191 |   1191 |      0 |    648 |    165 |   1 | 1191.0 |
      Gauntlet |    425 |    425 |      0 |    324 |      0 |   1 |  425.0 |
               +--------+--------+--------+--------+--------+-----+--------+

Top non-repeatable levels by time:
    D:11: 2157 daAuts
  Lair:6: 1845 daAuts
   Orc:1: 1735 daAuts
   Orc:2: 1625 daAuts
     D:1: 1583 daAuts
   Elf:3: 1564 daAuts
  Lair:3: 1308 daAuts
     D:6: 1294 daAuts
   Elf:1: 1265 daAuts
   IceCv: 1191 daAuts
  Lair:1: 1136 daAuts
     D:8: 1134 daAuts
  Lair:2: 1097 daAuts
     D:5: 1074 daAuts
    D:14: 1069 daAuts
